 Dungeon Crawl Stone Soup version 0.29.1 (webtiles) character file.

Game seed: 1539570087444787852

46 qw the Chopper (level 3, -5/31 HPs)
             Began as a Minotaur Berserker on Sept 13, 2022.
             Was a Believer of Trog.
             Slain by Sigmund
             ... wielding a +0 scythe
              (7 damage)
             ... on level 2 of the Dungeon.
             The game lasted 00:00:23 (1453 turns).

qw the Chopper (Minotaur Berserker)                 Turns: 1453, Time: 00:00:23

Health: -5/31      AC:  5    Str: 23    XL:     3   Next: 44%
Magic:  2/2        EV: 11    Int:  4    God:    Trog [**....]
Gold:   41         SH:  0    Dex:  9    Spells: 2/2 levels left

rFire   . . .      SeeInvis .   Y - +0 hand axe
rCold   . . .      Faith    .   (no shield)
rNeg    . . .      Spirit   .   f - +0 ring mail
rPois   .          Reflect  .   (helmet restricted)
rElec   .          Harm     .   (no cloak)
rCorr   .          Rampage  .   (no gloves)
Will    .....                   (no boots)
Stlth   ..........              (no amulet)
HPRegen 0.10/turn               (no ring)
MPRegen 0.08/turn               (no ring)

@: on berserk cooldown, slowed, very slow
A: horns 2, retaliatory headbutt
a: Renounce Religion, Berserk, Trog's Hand


You were on level 2 of the Dungeon.
You worshipped Trog.
Trog was pleased with you.
You visited 1 branch of the dungeon, and saw 2 of its levels.

You collected 41 gold pieces.


Innate Abilities, Weirdness & Mutations

You have a pair of horns on your head.
You reflexively headbutt those who attack you in melee.


   Skills:
 - Level 3.6 Fighting
 + Level 5.5 Axes
 - Level 2.4 Armour
 - Level 2.1 Dodging


You had 2 spell levels left.
You didn't know any spells.
Your spell library was empty.

Inventory:

Hand Weapons
 d - a +0 club
 Y - a +0 hand axe (weapon)
Missiles
 g - 4 boomerangs (quivered)
Armour
 f - a +0 ring mail (worn)
Potions
 e - a potion of berserk rage {unknown}
 i - a potion of mutation {unknown}
 k - 2 potions of curing

Dungeon Overview and Level Annotations

Branches:
Dungeon (2/15)

Altars:

Shops:
D:2 [

Annotations:
D:2 Sigmund


Message History

You climb downwards.
There is a stone staircase leading up here.
Existing waypoints: (2) D:1 Assign waypoint to what number? (0-9, D - delete waypoint) Waypoint 1 assigned to D:2.
Found a stone staircase leading up.
Found a stone staircase leading up.
Found a stone staircase leading down.
Sigmund the Dreaded comes into view.
He is wielding a +0 scythe and carrying a wand of light (9).
Sigmund shouts!
Sigmund mumbles some strange words.
Sigmund flickers and vanishes!
Deactivating autopickup; reactivate with Ctrl-A.
1443 ||| INVOKING Berserk.
A red film seems to cover your vision as you go berserk!
You feel yourself moving faster!
You feel mighty!
You swing at nothing.
You feel a strong urge to attack something.
You swing at nothing.
Something hits you.
You swing at nothing.
You feel your anger nearly subside.
You swing at nothing.
You are no longer berserk.
You are exhausted.
You feel yourself slow down. Something hits you!
You swing at nothing.
Something hits you.
You swing at nothing.
Something hits you.
You swing at nothing.
Something hits you.
You swing at nothing.
Something barely misses you.
You swing at nothing.
Something hits you!
You swing at nothing.
Something hits you!
You die...

.... .#...#
..#.# ### ##
...\ .. ....##.
..#.#. .
#....##.#...#..
#..{..........#
#.@.##.#<<.#
###..#.....#
###...#...#
##......#
####..##.....#
#### #....##
#.....#
#..###.####
...... #.##..#
....>.
#....###..
..###


There were no monsters in sight!

Vanquished Creatures
  3 dart slugs (D:1)
  A ball python (D:1)
  9 bats (D:1)
  2 endoplasms (D:1)
  2 goblins (D:1)
  A hobgoblin (D:1)
  3 kobolds (D:1)
  4 quokkas (D:1)
  A frilled lizard (D:1)
  11 rats (D:1)
37 creatures vanquished.

Notes
Turn   | Place    | Note
-------+----------+-------------------------------------------
     0 | D:1      | qw the Minotaur Berserker began the quest for the Orb.
     0 | D:1      | Reached XP level 1. HP: 19/19 MP: 0/0
     0 | D:1      | 0 ||| qw: Version: 0.1-a-119-g272c26d
     0 | D:1      | 0 ||| qw: Game counter: 11185
     0 | D:1      | 0 ||| qw: Always use a shield: true
     0 | D:1      | 0 ||| qw: Do Orc after D:15 true
     0 | D:1      | 0 ||| qw: Do second Lair branch before Depths: true
     0 | D:1      | 0 ||| qw: Lair rune preference: random
     0 | D:1      | 0 ||| qw: Plans: Normal
     0 | D:1      | 0 ||| PLANNING D:1-11
    29 | D:1      | 29 ||| INVOKING Berserk.
    32 | D:1      | Reached skill level 4 in Axes
   287 | D:1      | Reached XP level 2. HP: 26/26 MP: 1/1
   352 | D:1      | 352 ||| Stepping ~*~*~tactically~*~*~ (hiding).
   454 | D:1      | 454 ||| Stepping ~*~*~tactically~*~*~ (hiding).
   556 | D:1      | 556 ||| Stepping ~*~*~tactically~*~*~ (hiding).
   557 | D:1      | 557 ||| Stepping ~*~*~tactically~*~*~ (hiding).
   818 | D:1      | Reached skill level 5 in Axes
   855 | D:1      | Reached ** piety under Trog
   862 | D:1      | Reached XP level 3. HP: 31/31 MP: 2/2
   923 | D:1      | 923 ||| Stepping ~*~*~tactically~*~*~ (hiding).
  1390 | D:1      | 1390 ||| UPGRADING to +0 ring mail.
  1400 | D:1      | 1400 ||| DROPPING +0 animal skin.
  1401 | D:1      | 1401 ||| READING scroll labelled IZXIJO KUOT.
  1402 | D:1      | 1402 ||| READING scroll labelled VOHUGOI PATI.
  1403 | D:1      | 1403 ||| READING scroll labelled JUADAVUTUT.
  1404 | D:1      | 1404 ||| DRINKING 3 amethyst potions.
  1441 | D:2      | Noticed Sigmund
  1442 | D:2      | Found Tarphen's Antique Armour Shop.
  1443 | D:2      | 1443 ||| INVOKING Berserk.
  1452 | D:2      | HP: 2/31 [something (11)]
  1453 | D:2      | Slain by Sigmund

Levels and vault maps discovered:
D:1:      ncdulo_wetmaze, layout_basic, minmay_rat_gold_closets
D:2:      cheibrodos_helix_gallery, layout_rooms,
          shapermc_ecumenical_altar_venn, serial_shops,
          nicolae_shop_advertising_works [nicolae_subvault_shop_adworks],
          nicolae_grassy_gnolls, uniq_sigmund

Skill      XL: |  1  2 |
---------------+-------+-----
Axes           | 4 5 |  5.5
Fighting       | |  3.6
Armour         | |  2.4
Dodging        | |  2.1

Action                   || total
-------------------------++-------
Melee: Hand axe          ||    43
       Headbutt          ||     6
       Punch             ||     1
Throw: Boomerang         ||    21
Invok: Berserk           ||     2
  Use: Scroll            ||     3
       Potion            ||     1
Armor: Animal skin       ||     6
Dodge: Dodged            ||    21

Table legend:
 A = Non-vault XP
 B = Vault XP
 C = Vault XP percentage of total XP
 D = Non-vault monster count
 E = Vault monster count
 F = Vault count percentage of total count
                 A         B        C        D         E       F
            +---------+---------+-------+---------+---------+-------
      Total |      57 |       9 |  13.6 |      28 |       9 |  24.3
            +---------+---------+-------+---------+---------+-------
        D:1 |      57 |       9 |  13.6 |      28 |       9 |  24.3
            +---------+---------+-------+---------+---------+-------
